 Dungeon Crawl Stone Soup version 0.21-a0-283-g622b906 (webtiles) character file.

13228 nikopol the Cleaver (level 11, -7/100 HPs)
             Began as a Minotaur Fighter on Sept 24, 2017.
             Was a High Priest of Okawaru.
             Engulfed by a cloud of freezing vapour (35 damage)
             ... on level 11 of the Dungeon.
             The game lasted 00:23:23 (10748 turns).

nikopol the Cleaver (Minotaur Fighter)             Turns: 10748, Time: 00:23:23

Health: -7/100     AC: 13    Str: 23    XL:     11   Next: 72%
Magic:  10/10      EV: 12    Int:  5    God:    Okawaru [*****.]
Gold:   413        SH: 12    Dex: 16    Spells: 10/10 levels left

rFire    . . .     SeeInvis .   a - +1 war axe
rCold    . . .     Gourm    .   c - +0 shield
rNeg     . . .     Faith    .   b - +0 scale mail
rPois    +         Spirit   .   L - +1 hat
rElec    +         Reflect  .   q - +0 cloak
rCorr    +         Harm     .   z - +0 pair of gloves {Dex+3}
MR       .....                  (no boots)
Stlth    +.........             (no amulet)
HPRegen  0.26/turn              o - ring of Jianwori {rCorr rElec rPois Dex+2}
MPRegen  0.12/turn              J - +1 ring of protection

@: very slow
A: retaliatory headbutt, horns 2
a: Heroism, Finesse, Renounce Religion


You were on level 11 of the Dungeon.
You worshipped Okawaru.
Okawaru was extremely pleased with you.
You were not hungry.

You visited 2 branches of the dungeon, and saw 12 of its levels.
You visited 1 bazaar.

You collected 705 gold pieces.
You spent 292 gold pieces at shops.

Inventory:

Hand Weapons
 a - a +1 war axe (weapon)
Missiles
 m - 5 poisoned javelins (quivered)
Armour
 b - a +0 scale mail (worn)
 c - a +0 shield (worn)
 q - a +0 cloak (worn)
 z - a +0 pair of gloves of dexterity (worn)
 L - a +1 hat (worn)
Jewellery
 o - the ring of Jianwori (left hand) {rCorr rElec rPois Dex+2}
   (You found it on level 4 of the Dungeon)

   [ring of resist corrosion]

   It affects your dexterity (+2).
   It insulates you from electricity.
   It protects you from poison.
 J - a +1 ring of protection (right hand)
 K - an uncursed amulet of harm
Wands
 p - a wand of digging (24/24)
Scrolls
 e - 3 scrolls of remove curse
 h - a scroll of fear
 i - 3 scrolls of teleportation
 t - 2 scrolls of vulnerability
 v - a scroll of magic mapping
 y - 2 scrolls of random uselessness {unknown}
 A - 4 scrolls of recharging
 B - a scroll of immolation {unknown}
 D - 3 scrolls of fog {unknown}
 E - a scroll of amnesia {unknown}
 I - 2 scrolls of enchant weapon
 O - 2 scrolls of identify
Potions
 d - 2 potions of might
 g - 3 potions of lignification
 k - 6 potions of flight
 n - 3 potions of curing {unknown}
 r - a potion of magic {unknown}
 s - a potion of haste {unknown}
 u - 5 potions of heal wounds {unknown}
 w - 2 potions of degeneration {unknown}
 x - a potion of agility {unknown}
 C - a potion of cancellation {unknown}
 G - 2 potions of brilliance {unknown}
Books
 H - a book of Frost

   Spells                             Type                      Level
   a - Freeze                         Ice                          1
   b - Throw Frost                    Conjuration/Ice              2
   c - Ozocubu's Armour               Charms/Ice                   3
   d - Throw Icicle                   Conjuration/Ice              4
   e - Summon Ice Beast               Ice/Summoning                4
 N - a book of Geomancy

   Spells                             Type                      Level
   a - Sandblast                      Earth                        1
   b - Passwall                       Transmutation/Earth          2
   c - Stone Arrow                    Conjuration/Earth            3
   d - Petrify                        Transmutation/Earth          4
   e - Lee's Rapid Deconstruction     Earth                        5
Comestibles
 f - 7 bread rations
 j - 4 meat rations
 l - 12 fruits
 F - 2 royal jellies


   Skills:
 + Level 10.2 Fighting
 + Level 14.6 Axes
 + Level 8.8 Armour
 + Level 5.3 Dodging
 + Level 1.5 Stealth
 + Level 10.2 Shields


You had 10 spell levels left.
You didn't know any spells.

Dungeon Overview and Level Annotations

Branches:
Dungeon (11/15)            Temple (1/1) D:6            Lair (0/6) D:10
    Orc (0/2) D:11

Altars:
Ashenzari
Cheibriados
Dithmenos
Elyvilon
Fedhas
Gozag
Hepliaklqana
Kikubaaqudgha
Makhleb
Nemelex Xobeh
Okawaru
Qazlal
Ru
Sif Muna
Trog
Uskayaw
Vehumet
Wu Jian
Xom
Yredelemnul
Zin
The Shining One

Shops:
D:5 [


Innate Abilities, Weirdness & Mutations

You reflexively headbutt those who attack you in melee.
You have a pair of horns on your head.


Message History

There is an open door here.
Found Vuaffuam's Antique Armour Emporium.
There is an entrance to Vuaffuam's Antique Armour Emporium here.
As you open the door, it creaks loudly!
There is an open door here.
Found a gate leading back out of this place.
Done exploring.
Done exploring.
There is a gate leading back out of this place here.
Welcome back to the Dungeon!
You are engulfed in freezing vapours.
There is an empty arch of ancient stone here.
You enter the shallow water.
Moving in this stuff is going to be slow.
You are engulfed in freezing vapours.
You are engulfed in freezing vapours.
* * * LOW HITPOINT WARNING * * *
You enter the shallow water.
Moving in this stuff is going to be slow.
You are engulfed in freezing vapours.
You die...

************
****###****,,,,,,,,,,,
************,,,§..,,,,,*********,
*,,,,,,,,,,*,**#.#****,# *,
*,********,*,* #§#####.#****** *,
*,* *....,* #§§§.§...,,,,,* *,
*,* *.....###@§§§##..##**,* *,
*,* *.......§§§§§#*...#**,* *,
*,* *.....###≈§§##$....**,* *,
*,* *......§§§≈........,*,* **
,,******##....§..§§§......**,* *
,,,,,,,,.......§§#####...#,,,* *
*********######.§# *,,...,*** *
***,,,*******,#.§# **.,,..,******
,,,,,,,,,,,,,,#..###...,,,,,,,,,,


There were no monsters in sight!

Vanquished Creatures
  The ghost of animalnitrate the Grappler, a journeyman TrMo of Okawaru (D:9)
  5 two-headed ogres
  3 trolls
  2 hippogriffs
  A wyvern (D:9)
  3 yaks (D:9)
  A shadow (D:9)
  A wraith (D:11)
  A hungry ghost (D:11)
  3 water moccasins
  2 ice beasts
  5 orc warriors
  A sky beast (D:11)
  3 phantoms
  2 eyes of draining
  7 ogres
  A necrophage (D:7)
  2 black bears (D:8)
  4 centaurs
  A wolf (D:10)
  A big kobold (D:10)
  A gnoll sergeant (D:9)
  8 bullfrogs
  A wyvern zombie (D:8)
  A water moccasin zombie (D:7)
  5 scorpions
  13 killer bees
  5 wights (D:9)
  5 howler monkeys (D:8)
  3 electric eels (D:10)
  9 crimson imps
  A bullfrog zombie (D:3)
  5 jellies
  A quasit (D:6)
  Crazy Yiuf (D:2)
  13 orc priests
  15 orc wizards
  14 hounds
  2 bullfrog skeletons (D:4)
  An iguana (D:10)
  13 worker ants
  A hound zombie (D:7)
  A worker ant zombie (D:5)
  Robin (D:2)
  6 gnolls
  8 adders
  5 shadow imps
  An ooze (D:2)
  2 adder zombies (D:9)
  3 worms
  4 dart slugs
  5 leopard geckos
  32 orcs
  A ball python (D:1)
  11 bats
  2 giant cockroaches
  11 goblins (D:2)
  10 hobgoblins
  7 jackals
  12 kobolds
  4 quokkas
  A frilled lizard (D:1)
  2 leopard gecko skeletons
  A quokka skeleton (D:7)
  10 rats
  A bush (D:6)
  A plant (D:6)
310 creatures vanquished.

Vanquished Creatures (others)
  An adder (D:11)
  A leopard gecko (D:11)
2 creatures vanquished.

Grand Total: 312 creatures vanquished

Notes
Turn   | Place    | Note
-------+----------+-------------------------------------------
     0 | D:1      | nikopol the Minotaur Fighter began the quest for the Orb.
     0 | D:1      | Reached XP level 1. HP: 19/19 MP: 0/0
   198 | D:1      | Reached XP level 2. HP: 27/27 MP: 1/1
   301 | D:1      | Reached skill level 3 in Axes
   453 | D:1      | Reached XP level 3. HP: 33/33 MP: 2/2
  1029 | D:2      | Reached skill level 4 in Axes
  1029 | D:2      | Reached XP level 4. HP: 38/40 MP: 3/3
  1147 | D:2      | Noticed Robin
  1150 | D:2      | Killed Robin
  1245 | D:2      | Found a runed door.
  1249 | D:2      | Noticed Crazy Yiuf
  1254 | D:2      | Killed Crazy Yiuf
  1254 | D:2      | Reached XP level 5. HP: 34/47 MP: 4/4
  1359 | D:2      | Reached skill level 5 in Axes
  1846 | D:3      | Reached XP level 6. HP: 19/53 MP: 5/5
  2551 | D:4      | Got a vibrating silver ring
  2552 | D:4      | Identified the ring of Jianwori {rCorr rElec rPois Dex+2} (You found it on level 4 of the Dungeon)
  2600 | D:4      | Reached skill level 6 in Axes
  2630 | D:4      | Reached skill level 1 in Dodging
  2926 | D:5      | Entered Level 5 of the Dungeon
  2926 | D:5      | Found Goner's Armour Emporium.
  2931 | D:5      | Bought a +0 pair of gloves of dexterity for 149 gold pieces
  2955 | D:5      | Reached skill level 5 in Fighting
  2955 | D:5      | Reached skill level 5 in Shields
  2988 | D:5      | Reached XP level 7. HP: 58/61 MP: 6/6
  3056 | D:5      | Reached skill level 5 in Armour
  3177 | D:5      | Reached skill level 7 in Axes
  3546 | D:5      | Found an ancient bone altar of Kikubaaqudgha.
  3546 | D:5      | Found a glowing silver altar of Zin.
  3862 | D:6      | Reached skill level 8 in Axes
  3862 | D:6      | Reached XP level 8. HP: 62/70 MP: 7/7
  3964 | D:6      | Found a deep blue altar of Sif Muna.
  3995 | D:6      | Found a staircase to the Ecumenical Temple.
  4037 | Temple   | Entered the Ecumenical Temple
  4141 | Temple   | Became a worshipper of Warmaster Okawaru
  4305 | D:6      | Reached skill level 9 in Axes
  4669 | D:6      | Found a hazy altar of Hepliaklqana.
  4669 | D:6      | Found a basalt altar of Yredelemnul.
  4741 | D:6      | Found a deep blue altar of Sif Muna.
  4870 | D:6      | Reached * piety under Okawaru
  5013 | D:7      | Reached skill level 10 in Axes
  5018 | D:7      | Reached XP level 9. HP: 51/78 MP: 8/8
  5351 | D:7      | Reached ** piety under Okawaru
  5458 | D:7      | Reached skill level 1 in Stealth
  5466 | D:7      | Reached skill level 11 in Axes
  6050 | D:8      | Noticed a two-headed ogre
  6061 | D:8      | Killed a two-headed ogre
  6061 | D:8      | Reached *** piety under Okawaru
  6061 | D:8      | Reached skill level 12 in Axes
  6061 | D:8      | Reached XP level 10. HP: 40/88 MP: 9/9
  6807 | D:8      | Reached **** piety under Okawaru
  7533 | D:5      | Bought a +1 hat for 143 gold pieces
  7878 | D:9      | Reached skill level 13 in Axes
  7886 | D:9      | Found a white marble altar of Elyvilon.
  8144 | D:9      | Reached ***** piety under Okawaru
  8170 | D:9      | Noticed a two-headed ogre
  8187 | D:9      | Killed a two-headed ogre
  8375 | D:9      | Noticed animalnitrate's ghost (journeyman TrMo)
  8392 | D:9      | Killed animalnitrate's ghost
  8392 | D:9      | Received a gift from Okawaru
  8392 | D:9      | Reached XP level 11. HP: 21/97 MP: 10/10
  9341 | D:10     | Entered Level 10 of the Dungeon
  9445 | D:10     | Noticed a two-headed ogre
  9459 | D:10     | Killed a two-headed ogre
  9459 | D:10     | Reached skill level 14 in Axes
  9569 | D:10     | Found a staircase to the Lair.
  9608 | D:10     | Noticed a two-headed ogre
  9620 | D:10     | Killed a two-headed ogre
  9620 | D:10     | Reached skill level 5 in Dodging
 10164 | D:10     | Found a hide-covered altar of Uskayaw.
 10226 | D:10     | Noticed a two-headed ogre
 10235 | D:10     | Killed a two-headed ogre
 10235 | D:10     | Reached skill level 10 in Fighting
 10235 | D:10     | Reached skill level 10 in Shields
 10473 | D:11     | Found a flickering gateway to a bazaar.
 10483 | Bazaar   | Entered a bazaar
 10690 | Bazaar   | Found Heegutow's Book Shoppe.
 10705 | Bazaar   | Found Minul's Weapon Emporium.
 10720 | Bazaar   | Found Vuaffuam's Antique Armour Emporium.
 10748 | D:11     | Engulfed by a cloud of freezing vapour

Vault maps used:
D:1:      mrwooster_arrival_arrow, minmay_liquid_box
D:2:      uniq_crazy_yiuf_cottage, uniq_robin
D:3:      first_bread
D:5:      gammafunk_temple_overflow_wave, serial_shops, nicolae_shop_crystal
D:6:      marbit_many_paths, chequers_temple_overflow_statue_of_worship,
          minmay_temple_entry_overgrown, led_sif_book
D:9:      old_standard_altar
D:10:     erik_lair_island, basic_altar
D:11:     minmay_the_grid_triangle_9x9_rhombus_full_mashed, hiddenorc1_lemuel,
          serial_shops, freezing_bzr
Temple:   regret_index_temple_sphere_string
Bazaar:   bazaar_short_row

Skill      XL: |  1  2  3  4  5  6  7  8  9 10 11 |
---------------+----------------------------------+-----
Fighting       | 4 5 6 8 9 10 | 10.2
Axes           | 3 4 5 6 8 10 12 13 14 | 14.6
Armour         | 4 5 6 7 8 |  8.8
Shields        | 4 5 6 7 9 10 | 10.2
Dodging        | 1 2 3 4 5 |  5.3
Stealth        | 1 |  1.5

Action                   |  1- 3 |  4- 6 |  7- 9 | 10-12 || total
-------------------------+-------+-------+-------+-------++-------
Melee: War axe           |    85 |   146 |   275 |   398 ||   904
       Headbutt          |    10 |    27 |    83 |    92 ||   212
  Use: Scroll            |       |     7 |     1 |     3 ||    11
  Eat: Chunk             |       |     7 |    10 |    15 ||    32
Armor: Scale mail        |    31 |    49 |    84 |   103 ||   267
Dodge: Dodged            |    29 |    60 |    67 |   121 ||   277
Block: Shield            |    41 |    89 |   129 |   229 ||   488

Table legend:
 A = Spawn XP
 B = Non-spawn XP
 C = Spawn XP percentage of total XP
 D = Spawn monster count
 E = Non-spawn monster count
 F = Spawn count percentage of total count
 G = Total turns spent on level
                    A         B        C        D         E        F      G
               +---------+---------+-------+---------+---------+-------+---------
         Total |       0 |   18898 |   0.0 |       0 |     308 |   0.0 | 10748
               +---------+---------+-------+---------+---------+-------+---------
           D:1 |       0 |      52 |   0.0 |       0 |      23 |   0.0 |   824
           D:2 |       0 |     183 |   0.0 |       0 |      36 |   0.0 |   788
           D:3 |       0 |     189 |   0.0 |       0 |      22 |   0.0 |   800
           D:4 |       0 |     196 |   0.0 |       0 |       7 |   0.0 |   514
           D:5 |       0 |     764 |   0.0 |       0 |      23 |   0.0 |   983
           D:6 |       0 |    1182 |   0.0 |       0 |      24 |   0.0 |  1064
           D:7 |       0 |    1847 |   0.0 |       0 |      29 |   0.0 |  1293
           D:8 |       0 |    3439 |   0.0 |       0 |      50 |   0.0 |  1401
           D:9 |       0 |    4804 |   0.0 |       0 |      47 |   0.0 |  1531
          D:10 |       0 |    5026 |   0.0 |       0 |      36 |   0.0 |  1032
          D:11 |       0 |    1216 |   0.0 |       0 |      11 |   0.0 |   113
               +---------+---------+-------+---------+---------+-------+---------
